Map: Lerilak Crest

Players

Razgriz

  • Race: Terran Terran
  • League: Silver

LilDicky - Winner!

  • Race: Terran Terran

VOD

http://www.twitch.tv/tumescentpie

Description

Time

  • Played on: Nov. 19, 2015, 9:36 p.m.
  • Length: 14:54
Show
View Real Time Build Order
Export as new Build Order

Razgriz Terran 

Build Orders:  

Get SALT Encoding   

  12  0:01  SCV  
  13  0:13  SCV  
  14  0:19  Supply Depot  
  14  0:25  SCV  
  15  0:37  Refinery  
  15  0:41  SCV  
  16  0:46  Barracks  
  16  0:55  SCV  
  17  1:08  SCV, Supply Depot  
  18  1:20  SCV  
  18  1:23  Barracks  
  19  1:27  Refinery  
  19  1:38  Orbital Command  
  19  1:52  Factory  
  19  2:01  Marine  
  20  2:08  SCV  
  20  2:13  Barracks Reactor  
  21  2:18  Marine  
  21  2:20  Supply Depot, SCV  
  23  2:33  SCV  
  23  2:36  Marine  
  25  2:37  Factory Tech Lab  
  25  2:52  Marine x2  
  25  2:54  Marine  
  25  2:57  Siege Tank  
  31  3:00  SCV  
  32  3:12  Marine  
  32  3:30  Marine  
  33  3:38  SCV  
  33  3:40  Widow Mine  
  33  3:41  Widow Mine  
  36  3:47  Marine  
  39  3:49  Command Center  
  39  4:02  Bunker  
  39  4:20  Supply Depot  
  39  4:21  Supply Depot  
  39  4:27  Engineering Bay  
  39  4:33  Bunker  
  39  4:34  Starport  
  39  4:41  SCV, Marine x2  
  41  4:53  Missile Turret  
  41  4:59  Marine  
  39  5:00  Marauder  
  33  5:17  Marine  
  33  5:20  Marine  
  31  5:27  Widow Mine x2  
  34  5:30  SCV  
  34  5:35  Marine  
  36  5:42  SCV  
  37  5:43  Missile Turret  
  37  5:45  Marine  
  37  5:47  Missile Turret  
  38  5:52  Marine  
  37  6:03  Marine  
  34  6:14  Missile Turret  
  31  6:21  Missile Turret  
  24  6:35  Missile Turret  
  23  6:41  Missile Turret  
  23  6:46  SCV  
  23  6:47  Marine x2  
  22  7:04  Marine  
  22  7:07  Missile Turret  
  23  7:08  SCV  
  23  8:01  Marine x2  
  23  8:02  Marine  
  23  8:04  Siege Tank  
  29  8:10  Missile Turret  
  29  8:11  SCV  
  30  8:14  Liberator  
  30  8:23  SCV  
  33  8:57  Liberator  
  33  9:03  Orbital Command  
  33  9:04  Bunker  
  33  9:05  SCV  
  37  9:17  SCV  
  38  9:30  SCV x2  
  40  9:38  Missile Turret  
  40  9:42  SCV x2  
  42  9:54  SCV  
  42  9:57  Cyclone  
  46  10:03  Missile Turret  
  46  10:09  SCV  
  47  10:23  SCV x2  
  49  10:35  SCV x2, Marine x3  
  53  10:37  Starport Reactor  
  54  10:43  Starport  
  54  10:47  SCV  
  54  10:48  Supply Depot  
  55  10:53  SCV  
  56  10:59  SCV  
  56  11:00  Refinery  
  51  11:18  Marine x2  
  51  11:19  Marine  
  54  11:28  Viking x2  
  54  11:29  Viking  
  54  11:30  Widow Mine  
  59  11:36  Marine  
  57  11:40  Missile Turret  
  57  11:48  Barracks Tech Lab  
  57  11:54  Barracks  
  57  11:59  Widow Mine  
  57  12:00  Starport Tech Lab  
  59  12:02  Starport  
  59  12:10  SCV  
  60  12:16  Combat Shields  
  60  12:28  Cyclone  
  60  12:29  Raven  
  65  12:36  Corvid Reactor  
  61  13:00  Cyclone  
  61  13:05  Missile Turret  
  60  13:18  Viking  
  60  13:19  Viking x3  
  68  13:25  Command Center  
  68  13:31  Liberator  
  68  13:32  Widow Mine  
  70  13:37  SCV  
  68  13:49  SCV  
  69  14:12  Viking x2  
  76  14:44  Starport Tech Lab  
Show
View Real Time Build Order
Export as new Build Order

LilDicky Terran - Winner!

Build Orders: Mech, Banshee Rush 

Get SALT Encoding   

  12  0:03  SCV  
  13  0:15  SCV  
  13  0:19  Supply Depot  
  14  0:27  SCV  
  15  0:33  Refinery  
  15  0:40  SCV  
  16  0:45  Barracks  
  16  0:53  SCV  
  17  1:04  Refinery  
  17  1:05  SCV  
  18  1:17  SCV  
  19  1:33  Reaper  
  19  1:35  Supply Depot  
  19  1:37  Orbital Command  
  20  1:48  Factory  
  20  2:03  SCV  
  20  2:06  Supply Depot  
  21  2:15  SCV  
  22  2:16  Marine  
  23  2:27  SCV  
  24  2:38  Marine  
  24  2:44  Factory Tech Lab  
  25  2:53  SCV  
  25  2:54  Starport  
  25  2:56  Marine  
  27  2:59  Supply Depot  
  27  3:05  SCV  
  28  3:17  SCV, Widow Mine  
  30  3:29  SCV, Marine  
  32  3:38  Banshee, Cloaking Field  
  32  3:39  Engineering Bay  
  35  3:42  SCV  
  35  3:47  Marine  
  37  4:01  Widow Mine  
  39  4:04  SCV  
  39  4:05  Marine  
  39  4:07  Command Center  
  41  4:11  Missile Turret  
  41  4:16  SCV  
  42  4:18  Supply Depot  
  42  4:25  Marine  
  42  4:28  Banshee, SCV  
  47  4:37  Factory Tech Lab  
  47  4:40  Supply Depot  
  47  4:42  Marine  
  48  4:54  SCV  
  48  4:56  Siege Tank  
  52  5:15  SCV, Banshee  
  56  5:22  Command Center  
  56  5:27  SCV  
  56  5:28  Marine  
  55  5:32  Bunker  
  55  5:43  SCV  
  55  5:45  Orbital Command  
  56  6:01  SCV  
  57  6:11  Siege Tank  
  57  6:12  Banshee  
  57  6:13  SCV  
  57  6:14  SCV  
  65  6:28  SCV  
  66  6:41  SCV  
  66  6:42  SCV  
  66  6:43  Siege Tank  
  71  6:49  Factory x2  
  71  6:50  Factory, Orbital Command  
  71  6:53  SCV  
  72  6:54  SCV  
  73  7:03  Supply Depot  
  73  7:04  Supply Depot  
  73  7:05  SCV  
  71  7:08  Banshee  
  71  7:14  Missile Turret  
  74  7:19  Missile Turret  
  74  7:20  Refinery  
  74  7:22  Refinery  
  74  7:24  Missile Turret  
  74  7:30  SCV  
  75  7:48  Command Center  
  75  7:51  Factory Reactor  
  75  7:53  Factory Tech Lab  
  75  7:54  Factory Reactor  
  75  7:55  Banshee  
  75  7:56  SCV  
  79  7:58  Siege Tank  
  79  7:59  Orbital Command  
  79  8:03  SCV  
  83  8:06  Armory  
  83  8:11  SCV  
  84  8:15  Supply Depot, SCV  
  85  8:30  SCV x3  
  88  8:34  Siege Tank  
  88  8:35  Siege Tank  
  94  8:42  SCV x2  
  96  8:54  Siege Tank  
  97  8:56  Hellion x2  
  97  8:57  Viking  
  97  8:58  Viking  
  97  9:01  Terran Vehicle And Ship Armor Level 1  
  105  9:06  Siege Tank  
  105  9:08  SCV  
  110  9:10  Orbital Command  
  110  9:15  Refinery  
  110  9:16  Refinery  
  109  9:19  Missile Turret  
  109  9:29  Command Center  
  109  9:33  Missile Turret  
  109  9:35  Missile Turret  
  109  9:38  Hellion x2, Siege Tank x2  
  119  9:39  Viking  
  119  9:40  Viking  
  119  9:44  Hellion  
  119  9:45  SCV  
  126  9:50  SCV x2  
  128  9:59  SCV, Hellion  
  131  10:07  Hellion  
  131  10:08  Supply Depot, Missile Turret  
  131  10:09  Missile Turret  
  131  10:13  SCV x2  
  135  10:17  Hellion x2, Siege Tank  
  135  10:20  Missile Turret  
  142  10:21  Viking  
  142  10:22  Refinery  
  142  10:24  Viking  
  142  10:26  Refinery  
  146  10:30  SCV x2  
  146  10:32  Supply Depot  
  148  10:35  Liberator  
  148  10:38  Siege Tank  
  148  10:42  Starport  
  151  10:43  Orbital Command  
  151  10:46  SCV x2  
  156  10:59  Command Center, Terran Vehicle And Ship Armor Level 2  
  156  11:00  Fusion Core  
  156  11:02  Armory  
  156  11:04  Supply Depot  
  156  11:05  SCV x2  
  156  11:08  Liberator  
  158  11:18  Liberator  
  158  11:23  Starport Tech Lab  
  162  11:41  Hellion x2, Siege Tank x2  
  162  11:42  Siege Tank  
  175  11:49  Advanced Ballistics  
  175  12:02  SCV x2  
  175  12:06  Liberator x2  
  175  12:07  SCV x2, Liberator  
  179  12:13  Siege Tank  
  179  12:14  Siege Tank  
  185  12:18  Orbital Command  
  185  12:20  Missile Turret  
  185  12:23  Refinery  
  185  12:27  Terran Vehicle Weapons Level 1  
  194  12:34  Supply Depot  
  194  12:35  Refinery  
  194  12:37  Supply Depot  
  194  12:49  Liberator x2  
  194  12:51  Command Center  
  194  12:58  Command Center  
  200  13:28  Command Center  
  200  13:29  Command Center x2  
  200  13:39  Starport  
  200  13:46  Command Center, Starport x3  
  200  13:50  Refinery  
  200  13:52  Refinery  
  197  14:19  Missile Turret  
  190  14:28  Starport Tech Lab x2  
  190  14:29  Starport Tech Lab  
  194  14:37  Refinery  
Tags
 
Add a new tag
Caveats
  • Supply blocks, unpowered buildings, or Contaminate may cause inaccurate times.
  • Supply counts are checked every 10 seconds.